 Dungeon Crawl Stone Soup version 0.24-a0-203-gf0bc1e94ae (webtiles) character file.

Game seed: 12948100764987029187

1278 MirrMurr the Covert (level 8, 0/36 HPs)
             Began as a Spriggan Enchanter on Mar 27, 2019.
             Was a Believer of Ashenzari.
             Slain by a centaur (1 damage)
             ... on level 6 of the Dungeon.
             The game lasted 00:16:08 (6728 turns).

MirrMurr the Covert (Spriggan Enchanter)            Turns: 6728, Time: 00:16:08

Health: 0/36       AC:  4    Str: 11    XL:     8   Next: 29%
Magic:  22/22      EV: 18    Int: 17    God:    Ashenzari [**....]
Gold:   505        SH:  0    Dex: 16    Spells: 2/12 levels left

rFire    . . .     SeeInvis +   a - +2 dagger (venom) (curse)
rCold    . . .     Gourm    .   f - +0 buckler (curse)
rNeg     . . .     Faith    .   b - +1 robe
rPois    .         Spirit   .   (helmet restricted)
rElec    .         Reflect  .   w - +0 cloak (curse)
rCorr    .         Harm     .   (gloves unavailable)
MR       +....                  (boots unavailable)
Stlth    ++........             (no amulet)
HPRegen  0.12/turn              n - ring of magical power
MPRegen  0.18/turn              p - +5 ring of strength

@: confused, about to teleport, very quick
A: very small, unfitting armour, see invisible, herbivore, speed 3, slow
metabolism 2
a: Curse Item, Scrying, Renounce Religion


You were on level 6 of the Dungeon.
You worshipped Ashenzari.
Ashenzari was pleased with you.
You were not hungry.

You visited 2 branches of the dungeon, and saw 7 of its levels.
You also visited: Ossuary.

You collected 505 gold pieces.

Inventory:

Hand Weapons
 a - a cursed +2 dagger of venom (weapon)
Missiles
 d - 38 sling bullets
 e - 146 stones (quivered)
 i - 38 poisoned needles
Armour
 b - a +1 robe (worn)
 f - a cursed +0 buckler (worn)
 w - a cursed +0 cloak (worn)
Jewellery
 n - a ring of magical power (left hand)
 p - a +5 ring of strength (right hand)
Wands
 o - a wand of polymorph (7)
Scrolls
 h - a scroll of immolation
 u - a scroll of remove curse
 v - 3 scrolls of teleportation
 x - 3 scrolls of identify
 y - 2 scrolls of enchant armour
 z - a scroll of summoning {unknown}
 A - a scroll of random uselessness {unknown}
Potions
 g - 2 potions of flight
 k - a potion of degeneration {unknown}
 l - 3 potions of brilliance {unknown}
 m - 2 potions of curing {unknown}
 q - a potion of heal wounds {unknown}
 r - a potion of might {unknown}
 s - 2 potions of magic {unknown}
 t - 2 potions of haste
Comestibles
 c - 6 rations


   Skills:
 - Level 4.5(6.7) Short Blades
 - Level 3.0 Dodging
 - Level 9.1 Stealth
 * Level 5.5(7.0) Shields
 + Level 2.8 Spellcasting
 * Level 3.8 Hexes


You had 2 spell levels left.
You knew the following spells:

 Your Spells              Type           Power        Failure   Level  Hunger
a - Ensorcelled Hibernat  Hex/Ice        #.....       12%         2    ##.....
b - Confuse               Hex            ###.....     11%         3    ###....
c - Tukima's Dance        Hex            ###.....     11%         3    ###....
m - Confusing Touch       Hex            ###...       3%          1    #......
C - Corona                Hex            ###....      3%          1    #......

Your spell library contained the following spells:

 Spells                   Type           Power        Failure   Level  Hunger
 Animate Skeleton         Necr           N/A          19%         1    #......
 Apportation              Tloc           #.....       19%         1    #......
 Summon Small Mammal      Summ           #...         19%         1    #......
 Dazzling Spray           Conj/Hex       #.....       24%         3    ###....


Dungeon Overview and Level Annotations

Branches:
Dungeon (6/15)             Temple (1/1) D:5

Altars:
Ashenzari
Cheibriados
Dithmenos
Elyvilon
Fedhas
Gozag
Kikubaaqudgha
Makhleb
Nemelex Xobeh
Ru
Sif Muna
Vehumet
Wu Jian
Yredelemnul
Zin
The Shining One

Annotations:
D:3 apport


Innate Abilities, Weirdness & Mutations

You are very small and have problems with some larger weapons.
You are too small for most types of armour.
You have supernaturally acute eyesight. (SInv)
You are a herbivore.
You cover ground extremely quickly.
You need to consume almost no food.


Message History

As you read the scroll of teleportation, it crumbles to dust.
You feel strangely unstable.
The centaur wields a +0 shortbow.
The centaur shoots an arrow.
The arrow closely misses you. The centaur hits you.
* * * LOW HITPOINT WARNING * * *
The adder barely misses you.
The centaur hits you but does no damage.
The centaur barely misses you.
The centaur shoots an arrow.
You block the arrow.
You are confused.
You feel invigorated. The centaur misses you. The adder misses you.
The centaur completely misses you.
The centaur shoots an arrow.
The arrow hits you!
* * * LOW HITPOINT WARNING * * *
The centaur closely misses you.
Unknown command.
The adder misses you. The centaur hits you.
* * * LOW HITPOINT WARNING * * *
The centaur shoots an arrow.
The arrow barely misses you. The centaur hits you.
You die...

* , * , , ,...## ,
##c. * #...# * * ,,
#..#* ...# * ,####
#..# #..# ... ..# #..#
,##c##..# ##..#### , ,
,, #.S.##.# ##.......
* *,#c@.#.#
###........ *
#c#(..###...†......
,*..Z#(#..##..####....
* * ##...##.....##
##... ,,##.##..##.##
##.. ,......###.# #..
, .....##, ..# #..
,...... *#### #.. ,
....#* ..#


You could see 3 centaurs, an adder and a howler monkey zombie.

Vanquished Creatures
  Pikel (D:5)
  2 slaves (D:5)
  2 centaurs (D:5)
  Blork the orc (D:5)
  2 scorpions
  A howler monkey (D:5)
  2 jellies
  3 hounds
  A bullfrog skeleton (D:4)
  3 worker ants
  8 mummies (Ossuary)
  A howler monkey skeleton (D:5)
  7 adders
  An adder skeleton (D:5)
  A dart slug (D:2)
  3 leopard geckos
  3 orcs
  7 bats
  5 giant cockroaches
  4 gnoll zombies
  4 goblins
  6 hobgoblins
  3 jackals
  6 kobolds
  A quokka (D:3)
  A ball python skeleton (D:4)
  4 frilled lizards
  A hobgoblin zombie (Ossuary)
  3 kobold zombies (Ossuary)
  2 orc zombies (Ossuary)
  A quokka zombie (D:5)
  7 rats
97 creatures vanquished.

Vanquished Creatures (others)
  A hobgoblin (D:3)
1 creature vanquished.

Grand Total: 98 creatures vanquished

Notes
Turn   | Place    | Note
-------+----------+-------------------------------------------
     0 | D:1      | MirrMurr the Spriggan Enchanter began the quest for the
                  | Orb.
     0 | D:1      | Reached XP level 1. HP: 9/9 MP: 5/5
   343 | D:1      | Reached skill level 5 in Stealth
   343 | D:1      | Reached XP level 2. HP: 13/13 MP: 4/6
   347 | D:1      | Learned a level 2 spell: Ensorcelled Hibernation
  1275 | D:2      | Found a white marble altar of Elyvilon.
  1530 | D:2      | Found a shattered altar of Ashenzari.
  1538 | D:2      | Became a worshipper of Ashenzari the Shackled
  1633 | D:2      | Reached XP level 3. HP: 16/16 MP: 8/8
  1638 | D:2      | Learned a level 3 spell: Confuse
  1927 | D:3      | Found an ornate altar of the Wu Jian Council.
  2008 | D:3      | Reached skill level 1 in Shields
  2008 | D:3      | Reached XP level 4. HP: 21/21 MP: 9/9
  2024 | D:3      | Reached skill level 6 in Stealth
  2091 | D:3      | Found a blossoming altar of Fedhas.
  2686 | D:3      | Identified the +6 short sword "Seurch Itzeu" {drain,
                  | Fragile rF++ rC+++ rN+}
  2900 | D:4      | Reached * piety under Ashenzari
  2913 | D:4      | Reached XP level 5. HP: 24/24 MP: 10/10
  3765 | D:4      | Found a basalt altar of Yredelemnul.
  3877 | D:4      | Noticed a phantom
  4257 | D:5      | Entered Level 5 of the Dungeon
  4291 | D:5      | Noticed a centaur
  4297 | D:5      | Killed a centaur
  4297 | D:5      | Reached skill level 7 in Stealth
  4297 | D:5      | Reached XP level 6. HP: 28/28 MP: 11/11
  4343 | D:5      | Learned a level 1 spell: Confusing Touch
  4347 | D:5      | Learned a level 3 spell: Tukima's Dance
  4544 | D:5      | Noticed Blork the orc
  4811 | D:5      | Found an ancient bone altar of Kikubaaqudgha.
  4846 | D:5      | Found a sand-covered staircase.
  4856 | Ossuary  | Entered an ossuary
  5699 | Ossuary  | Reached XP level 7. HP: 32/32 MP: 12/12
  5982 | D:5      | Killed Blork the orc
  6078 | D:5      | Reached ** piety under Ashenzari
  6130 | D:5      | Found a staircase to the Ecumenical Temple.
  6153 | D:5      | Noticed Pikel
  6177 | D:5      | Killed Pikel
  6177 | D:5      | Reached skill level 9 in Stealth
  6177 | D:5      | Reached XP level 8. HP: 34/36 MP: 13/13
  6206 | D:5      | Reached skill level 5 in Shields
  6215 | Temple   | Entered the Ecumenical Temple
  6728 | D:6      | HP: 1/36 [centaur (4)]
  6728 | D:6      | Slain by a centaur

Levels and vault maps discovered:
D:1:      ebering_trefoil_twist, layout_loops_corners, minmay_misc_feat_iff,
          minmay_tall_x
D:2:      layout_loops_cross, lemuel_coloured_pillars_altar, elyvilon_altar_5,
          first_ration
D:3:      layout_loops_corners, overflow_temple_1_default, lemuel_doored_altar,
          lemuel_flame_loot_1
D:4:      layout_layer_cave, lemuel_zombie_altar_yredelemnul, serial_bayou,
          serial_bayou_pond_e, serial_bayou_pond_d, serial_bayou_lake_a,
          serial_bayou_pond_c
D:5:      layout_basic, marbit_many_paths, minmay_temple_entry_wispy,
          chequers_ossuary_entry_cave,
          hangedman_abyss_or_decor_jellyfish_corner, uniq_pikel,
          uniq_blork_the_orc
D:6:      layout_layer_cave, grunt_qazlal_clouds, lemuel_crystal_altar,
          basic_altar, minmay_manual_mares, uniq_menkaure
Temple:   zaba_magenta_temple
Ossuary:  ossuary_tomb_3

Skill      XL: |  1  2  3  4  5  6  7  8 |
---------------+-------------------------+-----
Stealth        | 5 6 7 9 |  9.1
Short Blades   | 2 3 4 |  4.5
Shields        | 1 2 3 4 5 |  5.5
Dodging        | |  3.0
Spellcasting   | |  2.8
Hexes          | |  3.8

Action                   |  1- 3 |  4- 6 |  7- 9 || total
-------------------------+-------+-------+-------++-------
Melee: Dagger            |    92 |   111 |    73 ||   276
 Cast: Corona            |     8 |       |       ||     8
       Ensorcelled Hiber |     3 |    15 |    17 ||    35
       Confuse           |       |    21 |     3 ||    24
       Confusing Touch   |       |     9 |     1 ||    10
Invok: Curse Item        |     1 |     2 |       ||     3
  Use: Scroll            |       |     7 |     1 ||     8
       Potion            |       |     1 |     1 ||     2
 Stab: Sleeping          |    13 |    22 |     8 ||    43
       Confused          |       |    12 |     3 ||    15
       Distracted        |       |       |     1 ||     1
  Eat: Ration            |       |     3 |     1 ||     4
Armor: Robe              |     7 |     8 |     7 ||    22
Dodge: Dodged            |    59 |    53 |    51 ||   163
Block: Buckler           |       |    13 |    20 ||    33

Table legend:
 A = Non-vault XP
 B = Vault XP
 C = Vault XP percentage of total XP
 D = Non-vault monster count
 E = Vault monster count
 F = Vault count percentage of total count
                 A         B        C        D         E       F
            +---------+---------+-------+---------+---------+-------
      Total |     969 |     858 |  47.0 |      72 |      23 |  24.2
            +---------+---------+-------+---------+---------+-------
        D:1 |      21 |       5 |  19.2 |      14 |       3 |  17.6
        D:2 |      15 |       0 |   0.0 |       7 |       0 |   0.0
        D:3 |     104 |       0 |   0.0 |      21 |       0 |   0.0
        D:4 |     184 |       4 |   2.1 |       7 |       2 |  22.2
        D:5 |     587 |     707 |  54.6 |      20 |       2 |   9.1
        D:6 |      58 |       0 |   0.0 |       3 |       0 |   0.0
    Ossuary |       0 |     142 | 100.0 |       0 |      16 | 100.0
            +---------+---------+-------+---------+---------+-------
